 Dungeon Crawl Stone Soup version 0.23-a0-164-g7711e572f3 (webtiles) character file.

249 PikkenKukken the Cutter (level 6, -4/43 HPs)
             Began as an Octopode Monk on Sept 10, 2018.
             Was an Elder of Uskayaw.
             Slain by a scorpion (8 damage)
             ... on level 4 of the Dungeon.
             The game lasted 00:05:01 (2890 turns).

PikkenKukken the Cutter (Octopode Monk)             Turns: 2890, Time: 00:05:02

Health: -4/43      AC:  1    Str:  9 (10) XL:     6   Next: 12%
Magic:  6/6        EV: 13    Int: 11 (12) God:    Uskayaw [****..]
Gold:   127        SH:  9    Dex: 15      Spells: 5/5 levels left

rFire    + . .     SeeInvis .   k - +1 dagger (elec)
rCold    . . .     Gourm    .   e - +1 shield
rNeg     . . .     Faith    .   (helmet restricted)
rPois    .         Spirit   .   (no amulet)
rElec    .         Reflect  .   n - ring of flight
rCorr    .         Harm     .   (no ring)
MR       .....                  (no ring)
Stlth    +++.......             (no ring)
HPRegen  0.14/turn              (no ring)
MPRegen  0.10/turn              (no ring)
                                (no ring)
                                (no ring)

@: lethally poisoned (-4 -> -12)
A: almost no armour, stealthy swim, amphibious, 8 rings, constrict 8, camouflage
1, deterioration 1, fire resistance 1, sense surroundings 1, weak 1, gelatinous
body 1
a: Stomp, Line Pass, Renounce Religion, Evoke Flight


You were on level 4 of the Dungeon.
You worshipped Uskayaw.
Uskayaw was noncommittal.
You were not hungry.

You visited 2 branches of the dungeon, and saw 5 of its levels.

You collected 127 gold pieces.

Inventory:

Hand Weapons
 a - a +0 short sword
 d - a +2 dagger of draining
 k - a +1 dagger of electrocution (weapon)
Armour
 e - a +1 shield (worn)
Jewellery
 n - a ring of flight (left tentacle)
Wands
 l - a wand of acid (8)
 p - a wand of enslavement (11)
Scrolls
 g - a scroll of blinking
 h - 2 scrolls of amnesia
 o - a scroll of enchant armour
Potions
 c - a potion of haste
 f - a potion of lignification {unknown}
 i - 2 potions of heal wounds
 j - a potion of curing {unknown}
 m - 2 potions of flight {unknown}
 q - a potion of berserk rage {unknown}
Comestibles
 b - 5 rations
 r - a chunk of flesh


   Skills:
 + Level 3.8 Fighting
 * Level 4.5 Short Blades
 * Level 4.4 Dodging
 - Level 2.6 Stealth
 + Level 2.1 Shields


You had 5 spell levels left.
You didn't know any spells.
Your spell library was empty.

Dungeon Overview and Level Annotations

Branches:
Dungeon (4/15)             Temple (1/1) D:4

Altars:
Cheibriados
Elyvilon
Gozag
Hepliaklqana
Kikubaaqudgha
Makhleb
Nemelex Xobeh
Okawaru
Sif Muna
Uskayaw
Vehumet
Xom
Zin


Innate Abilities, Weirdness & Mutations

You cannot wear most types of armour.
You are very stealthy in the water. (Stealth+)
You are amphibious.
You can wear up to eight rings at the same time.
You can use your tentacles to constrict eight enemies at once.
Your skin changes colour to match your surroundings (Stealth+).
Your rubbery body absorbs attacks. (AC +1, EV +1)
Your body sometimes deteriorates upon taking damage.
Your flesh is heat resistant. (rF+)
You passively map a small area around you.
You are weak. (Str -2)


Message History

Items here: $ ( ) [ a trident; a tomahawk; a scale mail; 13 gold pieces You are too injured to fight recklessly!
You are too injured to fight recklessly!
You are too injured to fight recklessly!
You closely miss the scorpion. Your grab misses the scorpion.
The scorpion stings you!
* * * LOW HITPOINT WARNING * * *
You are lethally poisoned!
The scorpion poisons you!
You closely miss the scorpion. You grab the scorpion.
You constrict the scorpion.
* * * LOW HITPOINT WARNING * * *
You feel sick.
Your shield prevents you from hitting the scorpion.
The scorpion is lightly wounded.
You constrict the scorpion, but do no damage.
* * * LOW HITPOINT WARNING * * *
You feel sick. The scorpion stings you!
You die...

...... , #.##....
#......## +
.......#....(.######..##
.......###...... ####'##
..............# #......
*#..<.........#+#......
*
###.......#.............
#.........+..........#..
#.......!.#[.......###..
,.......@†)#........#
#.⌠
.......s).#........###..
...#...#........##......
.,,#W..#........###.⌠..>
, ..####........# #.....
... #........# ####.. ,
..., * #..........* #.⌠
#. , #..........# #.. ,
, , , #..........# ##.


You could see a phantom and a scorpion.

Vanquished Creatures
  A centaur skeleton (D:4)
  Natasha (D:3)
  An orc wizard (D:4)
  2 worker ants (D:4)
  5 adders
  An ooze (D:4)
  An adder skeleton (D:4)
  A dart slug (D:2)
  8 orcs
  7 bats
  2 giant cockroaches
  10 hobgoblins
  2 quokkas
  3 frilled lizards
  7 goblins
  10 kobolds
  5 rats
67 creatures vanquished.

Notes
Turn   | Place    | Note
-------+----------+-------------------------------------------
     0 | D:1      | PikkenKukken the Octopode Monk began the quest for the Orb.
     0 | D:1      | Reached XP level 1. HP: 16/16 MP: 1/1
   131 | D:1      | Reached XP level 2. HP: 12/21 MP: 2/2
   398 | D:1      | Reached XP level 3. HP: 23/26 MP: 3/3
   756 | D:2      | Found a faded altar of an unknown god.
   858 | D:2      | Reached skill level 1 in Shields
  1125 | D:2      | Reached XP level 4. HP: 31/31 MP: 4/4
  1219 | D:2      | Found a hazy altar of Hepliaklqana.
  1861 | D:3      | Gained mutation: You passively map a small area around you.
                  | [potion of mutation]
  1861 | D:3      | Gained mutation: Your body sometimes deteriorates upon
                  | taking damage. [potion of mutation]
  1861 | D:3      | Gained mutation: You are weak. (Str -2) [potion of
                  | mutation]
  1861 | D:3      | Gained mutation: Your flesh is heat resistant. (rF+)
                  | [potion of mutation]
  2044 | D:3      | Noticed Natasha
  2047 | D:3      | Found a snail-covered altar of Cheibriados.
  2054 | D:3      | Killed Natasha
  2054 | D:3      | Reached XP level 5. HP: 5/36 MP: 5/5
  2561 | D:4      | Found an iron altar of Okawaru.
  2658 | D:4      | Found a staircase to the Ecumenical Temple.
  2671 | Temple   | Entered the Ecumenical Temple
  2707 | Temple   | Became a worshipper of Uskayaw the Reveler
  2707 | Temple   | Reached * piety under Uskayaw
  2876 | D:4      | Noticed a phantom
  2877 | D:4      | Reached ** piety under Uskayaw
  2878 | D:4      | Reached XP level 6. HP: 22/43 MP: 6/6
  2879 | D:4      | Reached *** piety under Uskayaw
  2886 | D:4      | Reached **** piety under Uskayaw
  2890 | D:4      | Slain by a scorpion

Vault maps used:
D:1:      mainiacjoe_arrival_reflecting_pool
D:2:      lemuel_round_altar, chequers_ecumenical_altar_simple_redux,
          minivault_14
D:3:      old_standard_altar, uniq_natasha
D:4:      overflow_temple_1_default, minmay_temple_entry_junction,
          serial_bayou_pond_e, st_stairs_7
Temple:   chequers_temple_sunken

Skill      XL: |  1  2  3  4  5 |
---------------+----------------+-----
Shields        | 1 2 |  2.1
Short Blades   | 4 |  4.5
Dodging        | 4 |  4.4
Fighting       | |  3.8
Stealth        | |  2.6

Action                   |  1- 3 |  4- 6 || total
-------------------------+-------+-------++-------
Melee: Short sword       |    37 |       ||    37
       Constrict         |    21 |    13 ||    34
       Tentacles         |     8 |     9 ||    17
       Dagger            |    31 |    68 ||    99
  Use: Scroll            |     5 |     5 ||    10
       Potion            |       |     1 ||     1
 Stab: Sleeping          |     4 |     7 ||    11
       Paralysed         |       |     1 ||     1
  Eat: Chunk             |     1 |     5 ||     6
Armor: Skin              |     6 |     2 ||     8
Dodge: Dodged            |    35 |    25 ||    60
Block: Shield            |    13 |    16 ||    29

Table legend:
 A = Non-vault XP
 B = Vault XP
 C = Vault XP percentage of total XP
 D = Non-vault monster count
 E = Vault monster count
 F = Vault count percentage of total count
                 A         B        C        D         E       F
            +---------+---------+-------+---------+---------+-------
      Total |     281 |      76 |  21.3 |      65 |       2 |   3.0
            +---------+---------+-------+---------+---------+-------
        D:1 |      41 |       0 |   0.0 |      25 |       0 |   0.0
        D:2 |      43 |       0 |   0.0 |      14 |       0 |   0.0
        D:3 |      57 |      36 |  38.7 |      14 |       1 |   6.7
        D:4 |     140 |      40 |  22.2 |      12 |       1 |   7.7
            +---------+---------+-------+---------+---------+-------
